 Dungeon Crawl Stone Soup version 0.23.1 (webtiles) character file.

Game seed: 18226521112318260871

2226 dvd the Magician (level 9, 0/49 HPs)
             Began as a Gargoyle Ice Elementalist on Mar 3, 2019.
             Was a Believer of Vehumet.
             Slain by an orc warrior
             ... wielding a +0 glaive
              (16 damage)
             ... on level 7 of the Dungeon.
             The game lasted 00:15:17 (5723 turns).

dvd the Magician (Gargoyle Ice Elementalist)        Turns: 5723, Time: 00:15:18

Health: 0/49       AC: 23    Str: 12    XL:     9   Next: 36%
Magic:  18/27      EV: 13    Int: 18    God:    Vehumet [**....]
Gold:   343        SH:  0    Dex: 11    Spells: 10/21 levels left

rFire    . . .     SeeInvis .   w - +11 mace of Awkwardness {protect, *Drain +Inv +Fly}
rCold    . . .     Gourm    .   (no shield)
rNeg     + + .     Faith    .   a - +0 robe
rPois    ∞         Spirit   .   (no helmet)
rElec    +         Reflect  .   (no cloak)
rCorr    .         Harm     .   F - +0 pair of gloves
MR       .....                  (no boots)
Stlth    ++........             (no amulet)
HPRegen  0.16/turn              m - ring of magical power
MPRegen  0.20/turn              C - ring of positive energy

@: icy armour, protection aura
A: negative energy resistance 1, electricity resistance, unbreathing,
petrification resistance, rot immunity, AC +6
a: Renounce Religion, Evoke Invisibility, Evoke Flight


You were on level 7 of the Dungeon.
You worshipped Vehumet.
Vehumet was pleased with you.
You were not hungry.

You visited 1 branch of the dungeon, and saw 7 of its levels.

You collected 343 gold pieces.

Inventory:

Hand Weapons
 d - a +0 dagger
 e - a +0 whip
 r - a +0 war axe
 w - the +11 mace of Awkwardness (weapon) {protect, *Drain +Inv +Fly}
   (You found it on level 4 of the Dungeon)

   It protects the one who uses it against injury (+AC on strike).
   It lets you turn invisible.
   It lets you fly.
   It causes draining when unequipped.
Armour
 a - a +0 robe (worn)
 F - a +0 pair of gloves (worn)
Jewellery
 m - a ring of magical power (left hand)
 C - a ring of positive energy (right hand)
Wands
 v - a wand of random effects (31)
 I - a wand of flame (13)
Scrolls
 b - a scroll of teleportation {unknown}
 f - 2 scrolls of noise {unknown}
 g - a scroll of blinking {unknown}
 j - 7 scrolls of identify {unknown}
 k - a scroll of random uselessness {unknown}
 n - 3 scrolls of magic mapping {unknown}
 q - 3 scrolls of immolation {unknown}
 s - a scroll of fog {unknown}
 t - a scroll of enchant weapon {unknown}
 y - 6 scrolls of remove curse {unknown}
 A - a scroll of enchant armour {unknown}
 G - a scroll of amnesia {unknown}
Potions
 h - 2 potions of curing {unknown}
 i - a potion of agility
 l - 2 potions of flight {unknown}
 o - 2 potions of brilliance {unknown}
 p - 2 potions of mutation {unknown}
 u - a potion of berserk rage {unknown}
 x - a potion of ambrosia {unknown}
 z - a potion of invisibility {unknown}
 B - a potion of heal wounds {unknown}
 E - a potion of cancellation {unknown}
 H - a potion of magic {unknown}
 J - a potion of degeneration {unknown}
Comestibles
 c - 9 rations


   Skills:
 + Level 2.5 Fighting
 + Level 1.4(3.1) Axes
 + Level 4.8(4.9) Maces & Flails
 + Level 3.2 Dodging
 + Level 3.2 Stealth
 + Level 6.5 Spellcasting
 + Level 3.9 Conjurations
 + Level 1.7 Charms
 + Level 1.0 Fire Magic
 + Level 6.1 Ice Magic


You had 10 spell levels left.
You knew the following spells:

 Your Spells              Type           Power        Failure   Level  Hunger
a - Freeze                Ice            ####         1%          1    None
b - Throw Frost           Conj/Ice       ###...       2%          2    None
c - Ozocubu's Armour      Chrm/Ice       ###.....     7%          3    ##.....
d - Flame Tongue          Conj/Fire      ##...        4%          1    None
e - Throw Icicle          Conj/Ice       ###.....     14%         4    ####...

Your spell library contained the following spells:

 Spells                   Type           Power        Failure   Level  Hunger
 Animate Skeleton         Necr           N/A          12%         1    None
 Apportation              Tloc           #.....       12%         1    None
 Confusing Touch          Hex            #.....       12%         1    None
 Summon Small Mammal      Summ           #...         12%         1    None
 Summon Ice Beast         Ice/Summ       ###.....     32%         4    ####...


Dungeon Overview and Level Annotations

Branches:
Dungeon (7/15)             Temple (0/1) D:6

Altars:
Cheibriados
Dithmenos
Fedhas
Hepliaklqana
Makhleb
Okawaru
Ru
Sif Muna
Vehumet

Shops:
D:4 (   D:5 }(%

Annotations:
D:3 2 transporters
D:4 2 transporters, grocchini's ghost, amateur VSFi


Innate Abilities, Weirdness & Mutations

You are resistant to torment.
Your stone body is resilient. (AC +6)
You are immune to poison.
You resist negative energy. (rN+)
You are resistant to electric shocks. (rElec)
You can survive without breathing.
You are immune to petrification.
You are immune to rotting.


Message History

A film of ice covers your body!
The orc warrior hits you with a +0 glaive!!
Unknown command.
You sock the orc warrior!
Your weapon exudes an aura of protection.
The orc warrior is moderately wounded.
The orc warrior hits you with a +0 glaive.
You sock the orc warrior!
The orc warrior is severely wounded.
The orc warrior misses you.
You barely miss the orc warrior.
The orc warrior is severely wounded.
The orc warrior closely misses you.
You closely miss the orc warrior.
The orc warrior is severely wounded.
The orc warrior hits you with a +0 glaive!
You barely miss the orc warrior.
The orc warrior is severely wounded.
The orc warrior hits you with a +0 glaive!
You die...

#########
#<.......
#.####### #.# #.#
#.# ##########.##
#.# #..(.@oooo...
#.# #.########.(.
#.# #.# #.#### #.#
#....# #.# ####.#
#.# ####.#######.#
.............#
.###.#############


You could see an orc warrior and 3 orcs.

Vanquished Creatures
  Pikel (D:6)
  Grinder (D:6)
  Sigmund (D:2)
  2 ice beasts (D:7)
  An ogre (D:6)
  A phantom (D:5)
  A centaur (D:6)
  Blork the orc (D:6)
  A bullfrog (D:6)
  2 scorpions
  2 howler monkeys (D:5)
  2 crimson imps
  A bullfrog zombie (D:5)
  2 bullfrog skeletons
  A jelly (D:5)
  A centaur skeleton (D:5)
  2 orc priests
  3 hounds
  2 iguanas
  2 orc wizards
  A worker ant (D:6)
  3 gnolls (D:3)
  A howler monkey skeleton (D:6)
  4 adders
  2 oozes
  3 worms
  3 dart slugs
  3 leopard geckos
  14 orcs
  3 giant cockroaches
  8 goblins
  6 hobgoblins
  10 jackals
  A quokka (D:6)
  10 bats
  4 frilled lizards
  A jackal skeleton (D:4)
  6 kobolds
  9 rats
122 creatures vanquished.

Vanquished Creatures (others)
  3 plants (D:3)
3 creatures vanquished.

Grand Total: 125 creatures vanquished

Notes
Turn   | Place    | Note
-------+----------+-------------------------------------------
     0 | D:1      | dvd the Gargoyle Ice Elementalist began the quest for the
                  | Orb.
     0 | D:1      | Reached XP level 1. HP: 10/10 MP: 3/3
   239 | D:1      | Reached XP level 2. HP: 12/15 MP: 0/5
   398 | D:1      | Learned a level 2 spell: Throw Frost
   823 | D:1      | Reached XP level 3. HP: 19/19 MP: 6/6
  1177 | D:2      | Found a snail-covered altar of Cheibriados.
  1412 | D:2      | Found a radiant altar of Vehumet.
  1421 | D:2      | Became a worshipper of Vehumet
  1686 | D:2      | Noticed Sigmund
  1695 | D:2      | Learned a level 3 spell: Ozocubu's Armour
  1704 | D:2      | Killed Sigmund
  1704 | D:2      | Reached XP level 4. HP: 15/24 MP: 4/9
  1704 | D:2      | Reached XP level 5. HP: 18/28 MP: 4/10
  2223 | D:3      | Reached XP level 6. HP: 12/32 MP: 6/12
  2439 | D:3      | Found a shadowy altar of Dithmenos.
  2470 | D:3      | Reached * piety under Vehumet
  2470 | D:3      | Offered knowledge of Sting by Vehumet.
  2645 | D:3      | Found a transporter.
  2706 | D:3      | Found a transporter.
  3103 | D:3      | Found a blossoming altar of Fedhas.
  3296 | D:4      | Reached skill level 1 in Axes
  3296 | D:4      | Reached XP level 7. HP: 28/37 MP: 8/13
  3372 | D:4      | Noticed grocchini's ghost (amateur VSFi)
  3387 | D:4      | Found Tola Kugg's Antique Weapon Shop.
  3391 | D:4      | Got an encrusted mace
  3392 | D:4      | Identified the +11 mace of Awkwardness {protect, *Drain
                  | +Inv +Fly} (You found it on level 4 of the Dungeon)
  3535 | D:4      | Found a burning altar of Makhleb.
  3560 | D:4      | Found a sacrificial altar of Ru.
  3646 | D:4      | Found a transporter.
  3652 | D:4      | Found a transporter.
  3807 | D:5      | Entered Level 5 of the Dungeon
  3821 | D:5      | Reached skill level 1 in Fighting
  3821 | D:5      | Reached skill level 1 in Maces & Flails
  3830 | D:5      | Reached skill level 5 in Spellcasting
  3847 | D:5      | Reached skill level 5 in Ice Magic
  3975 | D:5      | Offered knowledge of Flame Tongue by Vehumet.
  3978 | D:5      | Learned a level 1 spell: Flame Tongue
  4165 | D:5      | Found Inepaloc's Antique Weapon Boutique.
  4181 | D:5      | Reached XP level 8. HP: 34/43 MP: 15/15
  4184 | D:5      | Reached ** piety under Vehumet
  4209 | D:5      | Found Etue's Gadget Boutique.
  4217 | D:5      | Found a hazy altar of Hepliaklqana.
  4346 | D:5      | Found Poorhekk's Food Shoppe.
  4706 | D:6      | Found a staircase to the Ecumenical Temple.
  4742 | D:6      | Noticed Grinder
  4753 | D:6      | Killed Grinder
  4776 | D:6      | Noticed Blork the orc
  4782 | D:6      | Killed Blork the orc
  4782 | D:6      | Reached skill level 1 in Charms
  4788 | D:6      | Found a deep blue altar of Sif Muna.
  4913 | D:6      | Learned a level 4 spell: Throw Icicle
  5403 | D:6      | Noticed Pikel
  5429 | D:6      | Killed Pikel
  5429 | D:6      | Reached XP level 9. HP: 46/49 MP: 18/18
  5612 | D:7      | Found an iron altar of Okawaru.
  5629 | D:7      | Reached skill level 1 in Fire Magic
  5723 | D:7      | Slain by an orc warrior

Skill      XL: |  1  2  3  4  5  6  7  8  9 |
---------------+----------------------------+-----
Spellcasting   | 3 4 5 6 |  6.5
Ice Magic      | 4 5 6 |  6.1
Dodging        | 2 3 |  3.2
Conjurations   | 2 3 |  3.9
Axes           | 1 |  1.4
Fighting       | 1 2 |  2.5
Maces & Flails | 2 4 |  4.8
Stealth        | 3 |  3.2
Charms         | 1 |  1.7
Fire Magic     | 1 |  1.0

Action                   |  1- 3 |  4- 6 |  7- 9 || total
-------------------------+-------+-------+-------++-------
Melee: Whip              |     7 |       |       ||     7
       Unarmed           |     1 |       |       ||     1
       War axe           |       |    33 |       ||    33
       Mace              |       |       |   132 ||   132
 Cast: Freeze            |    41 |    49 |    18 ||   108
       Throw Frost       |    14 |    22 |    29 ||    65
       Ozocubu's Armour  |     1 |     5 |    12 ||    18
       Flame Tongue      |       |       |    21 ||    21
       Throw Icicle      |       |       |     1 ||     1
 Stab: Sleeping          |     2 |     2 |       ||     4
  Eat: Chunk             |     4 |     6 |     9 ||    19
Armor: Robe              |     9 |    30 |    95 ||   134
Dodge: Dodged            |    26 |    83 |   103 ||   212
